Map: Tokamak LE

Players

ubergosu

  • Race: Protoss Protoss
  • League: Platinum
  • Spawn Location: 1:00

XXXX - Winner!

  • Race: Terran Terran
  • League: Platinum
  • Spawn Location: 7:00

VOD

Have the link to the VOD?

Description

Time

  • Played on: July 30, 2025, 1:05 a.m.
  • Length: 9:13
Show
View Real Time Build Order
Export as new Build Order

ubergosu Protoss 

Build Orders:  

Get SALT Encoding   

  12  0:01  Probe  
  13  0:15  Probe  
  14  0:27  Pylon, Probe  
  15  0:44  Probe  
  16  0:52  Gateway, Probe  
  17  0:59  Assimilator  
  17  1:00  Probe  
  18  1:12  Probe  
  19  1:24  Probe  
  20  1:36  Probe  
  21  1:42  Cybernetics Core  
  21  1:45  Nexus  
  21  1:48  Probe  
  21  1:52  Assimilator  
  22  2:02  Pylon  
  22  2:03  Probe  
  23  2:13  Pylon  
  22  2:17  Stalker  
  24  2:34  Probe  
  24  2:36  Warp Gate  
  24  2:42  Probe  
  25  2:47  Robotics Facility  
  26  2:51  Probe, Stalker  
  26  2:54  Gateway  
  29  3:01  Probe  
  29  3:03  Probe  
  31  3:11  Probe  
  31  3:13  Probe  
  33  3:24  Stalker  
  31  3:27  Shield Battery  
  31  3:31  Shield Battery  
  33  3:38  Stalker, Observer  
  34  3:52  Probe x2, Stalker  
  33  4:04  Probe x2  
  32  4:13  Probe x2  
  34  4:22  Probe x2  
  34  4:30  Probe  
  34  4:31  Probe  
  36  4:34  Immortal  
  36  4:36  Stalker  
  44  4:43  Pylon, Probe  
  45  4:47  Probe  
  45  4:48  Pylon  
  46  5:01  Probe x2  
  46  5:06  Stalker x2  
  52  5:19  Probe x2  
  52  5:20  Shield Battery  
  54  5:22  Pylon  
  54  5:24  Immortal  
  58  5:30  Stalker  
  58  5:33  Stalker  
  62  5:39  Assimilator  
  62  5:46  Probe  
  62  5:47  Probe  
  64  5:58  Probe  
  64  6:04  Probe  
  66  6:06  Assimilator  
  66  6:12  Probe  
  66  6:17  Nexus  
  66  6:18  Pylon  
  67  6:20  Pylon  
  67  6:24  Probe  
  68  6:28  Pylon  
  68  6:33  Probe  
  68  6:36  Probe, Immortal  
  68  6:38  Stalker x2  
  78  6:52  Forge  
  78  6:56  Twilight Council  
  78  7:04  Probe x2  
  78  7:05  Shield Battery  
  78  7:06  Stalker  
  82  7:11  Stalker  
  82  7:15  Immortal  
  88  7:26  Probe  
  88  7:29  Photon Cannon  
  89  7:32  Photon Cannon  
  89  7:46  Probe  
  89  7:51  Probe x2  
  92  7:53  Assimilator  
  92  7:54  Immortal  
  92  7:57  Assimilator  
  97  7:58  Probe  
  97  8:03  Probe x2  
  97  8:05  Pylon  
  99  8:07  Templar Archives  
  99  8:10  Probe, Stalker  
  102  8:14  Sentry  
  102  8:15  Probe x2  
  110  8:41  Stalker x2  
  110  8:47  Photon Cannon  
  114  8:50  Photon Cannon  
  114  8:51  Pylon  
Show
View Real Time Build Order
Export as new Build Order

XXXX Terran - Winner!

Build Orders:  

Get SALT Encoding   

  12  0:00  SCV  
  13  0:12  SCV  
  14  0:20  Supply Depot  
  14  0:25  SCV  
  15  0:39  Refinery  
  15  0:41  SCV  
  16  0:45  Barracks  
  16  0:53  SCV  
  17  1:02  Refinery  
  17  1:05  SCV  
  18  1:18  SCV  
  19  1:21  Barracks  
  19  1:30  SCV  
  20  1:33  Supply Depot  
  20  1:37  Reaper  
  21  1:42  SCV  
  22  1:56  SCV  
  22  1:59  Barracks  
  23  2:09  Reaper, Orbital Command  
  24  2:17  Reaper  
  25  2:39  Supply Depot  
  25  2:40  SCV  
  25  2:43  Reaper  
  27  2:47  Reaper  
  27  2:50  Reaper  
  29  2:58  SCV  
  30  3:06  Command Center  
  30  3:15  Reaper  
  30  3:19  Reaper  
  32  3:23  Reaper  
  33  3:39  Command Center  
  33  3:47  Reaper  
  33  3:51  Reaper  
  33  3:55  Reaper  
  33  4:21  Command Center  
  34  4:38  Barracks Tech Lab  
  33  4:43  Factory  
  33  4:45  Barracks  
  33  4:51  Barracks Reactor  
  31  4:54  Orbital Command, Barracks Reactor  
  31  4:56  Orbital Command  
  31  4:57  SCV  
  32  5:09  SCV  
  32  5:12  Concussive Shells, Marauder  
  35  5:21  SCV  
  35  5:24  Engineering Bay  
  36  5:30  SCV x2  
  36  5:33  Marine x2  
  36  5:34  SCV  
  41  5:38  Marauder  
  41  5:40  Barracks Tech Lab  
  43  5:43  Factory Reactor  
  43  5:45  Starport  
  43  5:46  SCV  
  43  5:47  SCV  
  45  5:51  Orbital Command  
  45  5:52  Marine  
  45  5:53  Marine  
  45  5:55  Marine  
  48  5:59  Stimpack  
  48  6:03  Marauder  
  52  6:04  Marauder  
  52  6:09  Refinery  
  52  6:12  Missile Turret  
  52  6:14  Missile Turret  
  52  6:15  Terran Infantry Weapons Level 1  
  52  6:20  Marine x4  
  56  6:31  Factory Tech Lab  
  56  6:32  Marauder x2  
  60  6:38  Barracks  
  60  6:40  Marine x2  
  60  6:41  Marine x2, Barracks  
  60  6:43  Medivac  
  66  6:49  Medivac  
  66  6:52  Combat Shield  
  68  6:56  SCV x2  
  68  6:57  SCV x2  
  72  7:04  Refinery  
  72  7:08  SCV  
  72  7:09  SCV, Marauder x2  
  72  7:14  SCV x2  
  80  7:17  Supply Depot  
  80  7:20  Supply Depot  
  80  7:22  Medivac  
  82  7:27  Barracks Tech Lab  
  82  7:28  Barracks Reactor  
  82  7:30  SCV  
  82  7:31  SCV  
  84  7:39  SCV x2, Supply Depot x2  
  84  7:42  Medivac  
  84  7:43  Marauder  
  84  7:44  Marauder, Marine x2  
  94  8:01  Marauder, Orbital Command  
  94  8:05  Marauder  
  98  8:13  SCV x3  
  98  8:15  Medivac x2  
  105  8:23  Marauder x2  
  105  8:24  Marine x5  
  105  8:25  SCV  
  115  8:30  SCV  
  116  8:43  Supply Depot  
  116  8:45  Supply Depot  
  116  8:46  Supply Depot  
  116  8:55  SCV x3  
Tags
 
Add a new tag
Caveats
  • Supply blocks, unpowered buildings, or Contaminate may cause inaccurate times.
  • Supply counts are checked every 10 seconds.